 Dungeon Crawl Stone Soup version 0.31.0-11-ge490571c62 (webtiles) character file.

Game seed: 14725428883789840761

25 qw the Shooter (level 2, -1/16 HPs)
             Began as a Deep Elf Hunter on Feb 4, 2024.
             Slain by a ribbon worm (4 damage)
             ... on level 1 of the Dungeon.
             The game lasted 00:00:16 (547 turns).

qw the Shooter (Deep Elf Hunter)                     Turns: 547, Time: 00:00:17

Health: -1/16      AC:  6    Str:  8    XL:     2   Next: 82%
Magic:  4/4        EV:  5    Int: 13    God:
Gold:   30         SH:  0    Dex: 18    Spells: 1/1 levels left

rFire   . . .        a - +1 shortbow (elec)
rCold   . . .        (shield currently unavailable)
rNeg    . . .        e - +0 ring mail
rPois   .            m - +0 helmet
rElec   .            (no cloak)
rCorr   .            (no gloves)
SInv    .            (no boots)
Will    .....        (no amulet)
Stlth   +            (no ring)
HPRegen 0.22/turn    (no ring)
MPRegen 0.09/turn

%: no passive effects
@: held
A: no striking features
a: no special abilities


You were on level 1 of the Dungeon.
You visited 1 branch of the dungeon, and saw 2 of its levels.

You collected 30 gold pieces.


   Skills:
 - Level 1.5 Fighting
 + Level 6.5 Ranged Weapons
 - Level 2.4 Dodging
 - Level 1.2 Stealth


You had one spell level left.
You didn't know any spells.
Your spell library was empty.

Inventory:

Hand Weapons
 a - a +1 shortbow of electrocution (weapon)
Armour
 e - a +0 ring mail (worn)
 m - a +0 helmet (worn)
Potions
 f - a potion of haste {unknown}
 h - a potion of brilliance {unknown}
 i - a potion of lignification {unknown}
 j - a potion of might {unknown}
 l - a potion of curing {unknown}

Dungeon Overview and Level Annotations

Branches:
Dungeon (2/15)

Altars:


Message History

The ribbon worm is lightly wounded.
The goblin shouts!
527 ||| STAIRDANCE The ribbon worm expels a string of sticky webbing.
The stream of webbing hits you but does no damage.
You are caught in a web!
You climb upwards.
There is a stone staircase leading down here.
You shoot an arrow. The arrow hits the ribbon worm.
The ribbon worm is lightly wounded.
The ribbon worm bites you but does no damage.
You shoot an arrow. The arrow hits the ribbon worm.
Lightning courses through the ribbon worm!
The ribbon worm is almost dead.
The ribbon worm barely misses you.
You shoot an arrow.
The arrow completely misses the ribbon worm.
The ribbon worm expels a string of sticky webbing.
The stream of webbing hits you but does no damage.
You are caught in a web!
The ribbon worm bites you but does no damage.
The ribbon worm expels a string of sticky webbing.
The stream of webbing hits you but does no damage.
You are even more entangled.
The ribbon worm bites you but does no damage.
The ribbon worm expels a string of sticky webbing.
The stream of webbing hits you but does no damage.
You are even more entangled.
The ribbon worm bites you. The ribbon worm bites you.
The ribbon worm bites you but does no damage.
The ribbon worm barely misses you.
The ribbon worm expels a string of sticky webbing.
The stream of webbing hits you but does no damage.
You are caught in a web!
The ribbon worm bites you but does no damage.
The ribbon worm bites you. The ribbon worm barely misses you.
The ribbon worm bites you.
You die...

...##........#...%....%##..#
#.......#####..#######.##..#
##............## #.....##..#
.........%...## #.....#..##
.......#####..####..>..#..#
......## ##.........##..#
.....## ###..........#...#
....## ##...##.##....#.#.#
....#####.......@.....#.#.#
............#...w#....#...#
.##.##...###....#######...#
.#.......#...#............#
....####..)....#####....###
..#........######....##.#
........#.## #..#####.#
P......##..#####.####...#
#.....####.##..).##...#.#


You could see a ribbon worm.

Vanquished Creatures
  3 ball pythons
  2 bats (D:1)
  An endoplasm (D:1)
  2 giant cockroaches (D:1)
  2 goblins (D:1)
  5 hobgoblins (D:1)
  A quokka (D:1)
  2 kobolds (D:1)
  4 rats (D:1)
22 creatures vanquished.

Notes
Turn   | Place    | Note
-------+----------+-------------------------------------------
     0 | D:1      | qw the Deep Elf Hunter began the quest for the Orb.
     0 | D:1      | Reached XP level 1. HP: 12/12 MP: 3/3
     0 | D:1      | 0 ||| qw: Version: 0.3-a-160-g6735b56
     0 | D:1      | 0 ||| qw: Game counter: 5707
     0 | D:1      | 0 ||| qw: Melee chars always use a shield: true
     0 | D:1      | 0 ||| qw: God list: Okawaru
     0 | D:1      | 0 ||| qw: Allow faded altars: false
     0 | D:1      | 0 ||| qw: Do Orc after clearing Dungeon:15 true
     0 | D:1      | 0 ||| qw: Do second Lair branch before Depths: true
     0 | D:1      | 0 ||| qw: Lair rune preference: random
     0 | D:1      | 0 ||| qw: Goals: Normal
     0 | D:1      | 0 ||| PLANNING D:1-11
    64 | D:1      | Reached XP level 2. HP: 16/16 MP: 4/4
    71 | D:1      | Reached skill level 6 in Ranged Weapons
   335 | D:1      | Found a faded altar of an unknown god.
   471 | D:1      | 471 ||| UPGRADING to +0 ring mail.
   481 | D:1      | 481 ||| DROPPING +0 leather armour.
   482 | D:1      | 482 ||| UPGRADING to +0 helmet.
   487 | D:1      | 487 ||| READING scroll labelled POUPUN DIRARGH.
   488 | D:1      | 488 ||| READING scroll labelled KUIRUO UCHUST.
   488 | D:1      | 488 ||| ENCHANTING +0 shortbow.
   489 | D:1      | 489 ||| READING scroll labelled EPUHOSOSORA.
   489 | D:1      | 489 ||| BRANDING +1 shortbow.
   490 | D:1      | 490 ||| READING scroll labelled WAZA VASHRAONAMA.
   493 | D:1      | 493 ||| DROPPING scroll of butterflies.
   527 | D:2      | 527 ||| STAIRDANCE
   544 | D:1      | HP: 2/16 [ribbon worm (4)]
   547 | D:1      | Slain by a ribbon worm

Levels and vault maps discovered:
D:1:      eino_arrival_water_cross, layout_rooms,
          dreamdust_ecumenical_altar_grove
D:2:      layout_rooms, minmay_puff, uniq_natasha, uniq_sigmund,
          uniq_crazy_yiuf_cottage

Skill      XL: |  1  2 |
---------------+-------+-----
Ranged Weapons | 6 |  6.5
Fighting       | |  1.5
Dodging        | |  2.4
Stealth        | |  1.2

Action                     || total
---------------------------++-------
   Fire: Shortbow          ||    49
    Use: Scroll            ||     4
 Armour: Ring mail         ||     9
         Leather armour    ||     4
  Dodge: Dodged            ||     5

Table legend:
 A = Non-vault XP
 B = Vault XP
 C = Vault XP percentage of total XP
 D = Non-vault monster count
 E = Vault monster count
 F = Vault count percentage of total count
                 A         B        C        D         E       F
            +---------+---------+-------+---------+---------+-------
      Total |      36 |       0 |   0.0 |      22 |       0 |   0.0
            +---------+---------+-------+---------+---------+-------
        D:1 |      35 |       0 |   0.0 |      21 |       0 |   0.0
        D:2 |       1 |       0 |   0.0 |       1 |       0 |   0.0
            +---------+---------+-------+---------+---------+-------
